 Dungeon Crawl Stone Soup version 0.27.1-33-g824d729ab1 (webtiles) character file.

Game seed: 736433759825241250

136 H0rd4k the Charlatan (level 5, -4/38 HPs)
             Began as a Human Artificer on Dec 9, 2021.
             Slain by a water moccasin skeleton (7 damage)
             ... on level 4 of the Dungeon.
             The game lasted 00:03:30 (4229 turns).

H0rd4k the Charlatan (Human Artificer)              Turns: 4229, Time: 00:03:31

Health: -4/38      AC:  4    Str: 14    XL:     5   Next: 43%
Magic:  7/7        EV: 11    Int: 11    God:
Gold:   138        SH:  0    Dex: 13    Spells: 7/7 levels left

rFire    . . .     SeeInvis .   h - +0 short sword
rCold    . . .     Faith    .   (no shield)
rNeg     . . .     Spirit   .   b - +0 leather armour
rPois    .         Reflect  .   m - +1 hat
rElec    .         Harm     .   (no cloak)
rCorr    .         Rampage  .   (no gloves)
Will     .....                  (no boots)
Stlth    +.........             (no amulet)
HPRegen  0.12/turn              (no ring)
MPRegen  0.10/turn              (no ring)

@: no status effects
A: no striking features
a: no special abilities


You were on level 4 of the Dungeon.
You visited 1 branch of the dungeon, and saw 4 of its levels.

You collected 138 gold pieces.

Inventory:

Hand Weapons
 h - a +0 short sword (weapon)
Missiles
 a - 41 poisoned darts (quivered)
 i - 2 curare-tipped darts
Armour
 b - a +0 leather armour (worn)
 m - a +1 hat (worn)
Magical Staves
 n - a staff of cold
Jewellery
 g - an amulet of guardian spirit
Wands
 c - a wand of flame (3)
 d - a wand of charming (19)
Scrolls
 j - a scroll of vulnerability {unknown}
 k - 2 scrolls of teleportation {unknown}
 l - a scroll of noise {unknown}
 o - a scroll of enchant weapon {unknown}
 p - a scroll of summoning {unknown}
Potions
 f - a potion of heal wounds
Miscellaneous
 e - a piece from Xom's chessboard (15/15)


   Skills:
 + Level 1.7 Fighting
 + Level 2.1 Short Blades
 + Level 0.1 Throwing
 - Level 2.2 Armour
 + Level 1.9 Dodging
 - Level 1.0 Stealth
 * Level 1.5 Spellcasting
 + Level 3.9 Evocations


You had 7 spell levels left.
You didn't know any spells.
Your spell library was empty.

Dungeon Overview and Level Annotations

Branches:
Dungeon (4/15)
 Temple: D:4-7

Altars:
Elyvilon
Nemelex Xobeh

Shops:
D:1 :   D:3 **?


Message History

You barely miss the water moccasin skeleton.
The water moccasin skeleton is lightly damaged.
The water moccasin skeleton bites you but does no damage.
The water moccasin skeleton bites you.
You hit the water moccasin skeleton.
The water moccasin skeleton is lightly damaged.
The water moccasin skeleton bites you.
You hit the water moccasin skeleton.
The water moccasin skeleton is moderately damaged.
The water moccasin skeleton misses you.
You hit the water moccasin skeleton.
The water moccasin skeleton is heavily damaged.
The water moccasin skeleton bites you.
You closely miss the water moccasin skeleton.
The water moccasin skeleton is heavily damaged.
The water moccasin skeleton bites you.
You hit the water moccasin skeleton.
The water moccasin skeleton is heavily damaged.
The water moccasin skeleton bites you.
The water moccasin skeleton bites you but does no damage.
You hit the water moccasin skeleton.
The water moccasin skeleton is heavily damaged.
The water moccasin skeleton bites you.
You hit the water moccasin skeleton but do no damage.
The water moccasin skeleton is heavily damaged.
The water moccasin skeleton bites you.
* * * LOW HITPOINT WARNING * * *
You hit the water moccasin skeleton.
The water moccasin skeleton is severely damaged.
The water moccasin skeleton bites you.
* * * LOW HITPOINT WARNING * * *
You hit the water moccasin skeleton.
The water moccasin skeleton is severely damaged.
The water moccasin skeleton closely misses you.
You hit the water moccasin skeleton.
The water moccasin skeleton is almost destroyed.
The water moccasin skeleton bites you.
* * * LOW HITPOINT WARNING * * *
The water moccasin skeleton bites you!
You die...

#..........###.###
######.#######...#
..)............#.#
######.#######.###
#### # #.# #..#
#.... # #.# #.##
...... # #.#
#.###.....# # #.#
#..#......# #.#
##.@Z...# ...
########


You could see a water moccasin skeleton.

Vanquished Creatures
  Natasha (twice) (D:2)
  3 adders
  2 worms (D:3)
  6 ball pythons
  2 bats
  10 endoplasms
  2 giant cockroaches (D:1)
  4 goblins
  2 hobgoblins
  4 jackals
  A quokka (D:2)
  3 frilled lizards
  2 kobolds (D:1)
  9 rats
52 creatures vanquished.

Vanquished Creatures (collateral kills)
  An orc (D:4)
  A ball python (D:4)
  A rat (D:1)
3 creatures vanquished.

Grand Total: 55 creatures vanquished

Notes
Turn   | Place    | Note
-------+----------+-------------------------------------------
     0 | D:1      | H0rd4k the Human Artificer began the quest for the Orb.
     0 | D:1      | Reached XP level 1. HP: 15/15 MP: 1/1
   131 | D:1      | Found Doxepi's Book Shop.
   408 | D:1      | Reached XP level 2. HP: 3/21 MP: 2/2
  1105 | D:1      | Found a faded altar of an unknown god.
  1117 | D:1      | Reached XP level 3. HP: 26/26 MP: 3/3
  2149 | D:2      | Reached skill level 1 in Short Blades
  2222 | D:2      | Noticed Natasha
  2228 | D:2      | Killed Natasha
  2229 | D:2      | Reached skill level 1 in Spellcasting
  2229 | D:2      | Reached XP level 4. HP: 26/32 MP: 5/5
  2771 | D:2      | Noticed Natasha
  2778 | D:2      | Killed Natasha
  2779 | D:2      | Reached XP level 5. HP: 27/37 MP: 5/7
  2987 | D:3      | Found Luapt's Magic Scroll Emporium.
  3232 | D:3      | Found a sparkling altar of Nemelex Xobeh.
  3544 | D:3      | Found Tuoch's Assorted Antiques.
  3588 | D:3      | Found a white marble altar of Elyvilon.
  3951 | D:3      | Found Zytalie's General Store.
  4124 | D:4      | Noticed an ogre
  4229 | D:4      | Slain by a water moccasin skeleton

Illustrated notes

Levels and vault maps discovered:
D:1:      wheals_arrival_linesprint, layout_basic, serial_shops, shop,
          chequers_ecumenical_altar_simple
D:2:      layout_basic, uniq_natasha
D:3:      minmay_inner_zag, layout_loops_ring, lemuel_crystal_altar,
          elyvilon_altar_1, serial_shops, nicolae_square_shop, shop, shop
D:4:      minmay_opposing_rooms, layout_rooms, nicolae_qazlal_eye_of_the_storm,
          okawaru_metal_pillars_1_2, minmay_temple_entry_waves,
          minmay_misc_feat_columns, uniq_duvessa

Skill      XL: |  1  2  3  4  5 |
---------------+----------------+-----
Short Blades   | 1 2 |  2.1
Spellcasting   | 1 |  1.5
Fighting       | |  1.7
Throwing       | |  0.1
Armour         | |  2.2
Dodging        | |  1.9
Stealth        | |  1.0
Evocations     | |  3.9

Action                   |  1- 3 |  4- 6 || total
-------------------------+-------+-------++-------
Melee: Club              |    37 |       ||    37
       Short sword       |    83 |    98 ||   181
Throw: Dart              |     3 |     2 ||     5
Evoke: Wand              |     8 |     8 ||    16
  Use: Potion            |       |     1 ||     1
 Stab: Sleeping          |       |     3 ||     3
Armor: Leather armour    |    41 |    19 ||    60
Dodge: Dodged            |    74 |    53 ||   127
